 Dungeon Crawl Stone Soup version 0.22-a0-367-gb72a975701 (webtiles) character file.

994 Laan the Caller (level 7, -3/46 HPs)
             Began as a Mummy Summoner on Apr 23, 2018.
             Slain by an orc warrior
             ... wielding a +0 short sword
              (5 damage)
             ... on level 5 of the Dungeon.
             The game lasted 00:22:40 (8076 turns).

Laan the Caller (Mummy Summoner)                    Turns: 8076, Time: 00:22:41

Health: -3/46      AC:  6    Str: 11    XL:     7   Next: 99%
Magic:  2/14       EV: 13    Int: 17    God:
Gold:   168        SH:  0    Dex: 12    Spells: 5/15 levels left

rFire    x . .     SeeInvis .   f - +1 dagger (drain)
rCold    + . .     Gourm    .   (no shield)
rNeg     + + +     Faith    .   g - +0 leather armour (curse)
rPois    ∞         Spirit   .   p - +0 helmet
rElec    .         Reflect  .   (no cloak)
rCorr    .         Harm     .   (no gloves)
MR       .....                  s - +1 pair of boots
Stlth    +.........             b - amulet of magic regeneration
HPRegen  0.15/turn              c - +2 ring of evasion
MPRegen  0.39/turn              (no ring)

@: about to teleport
A: no food or potions, fire vulnerability, cold resistance 1, negative energy
resistance 3, torment resistance, unbreathing
a: no special abilities


You were on level 5 of the Dungeon.
You were not hungry.

You visited 1 branch of the dungeon, and saw 6 of its levels.

You collected 248 gold pieces.
You spent 80 gold pieces at shops.

Inventory:

Hand Weapons
 f - a +1 dagger of draining (weapon)
 n - a +0 short sword of flaming
Missiles
 d - 46 sling bullets
Armour
 g - a cursed +0 leather armour (worn)
 p - a +0 helmet (worn)
 s - a +1 pair of boots (worn)
Jewellery
 b - an amulet of magic regeneration (around neck)
 c - a +2 ring of evasion (left hand)
 o - a cursed ring of teleportation {unknown}
 r - an uncursed amulet of regeneration
Wands
 q - a wand of enslavement (14)
Scrolls
 a - a scroll of magic mapping {unknown}
 e - 4 scrolls of teleportation
 h - 8 scrolls of remove curse
 i - 2 scrolls of amnesia {unknown}
 j - a scroll of enchant armour {unknown}
 k - 3 scrolls of fog {unknown}
 l - 3 scrolls of identify
 m - 4 scrolls of immolation {unknown}
 t - a scroll of random uselessness {unknown}


   Skills:
 - Level 1.5 Dodging
 - Level 1.5 Stealth
 + Level 4.9 Spellcasting
 + Level 7.0 Summonings
 * Level 3.4 Air Magic


You had 5 spell levels left.
You knew the following spells:

 Your Spells              Type           Power        Failure   Level  Hunger
a - Summon Small Mammal   Summ           ####         1%          1    N/A
b - Call Imp              Summ           ####....     1%          2    N/A
c - Call Canine Familiar  Summ           ####....     3%          3    N/A
d - Summon Lightning Spi  Summ/Air       ###.....     22%         4    N/A

Dungeon Overview and Level Annotations

Branches:
Dungeon (6/15)             Temple (0/1) D:6

Altars:

Shops:
D:4 **(:*   D:6 (?

Annotations:
D:5 exclusion: downstairs


Innate Abilities, Weirdness & Mutations

You do not eat or drink.
Your flesh is vulnerable to fire.
You are immune to poison.
Your flesh is cold resistant. (rC+)
You are immune to negative energy. (rN+++)
You are immune to unholy pain and torment.
You can survive without breathing.


Message History

Press: ? - help, Shift-Dir - straight line, f - orc warrior
Aim: an orc warrior, wielding a short sword and wearing a chain mail (lightly wounded, chance to defeat MR: 46%)
The orc warrior resists with some effort.
The orc warrior closely misses you.
Your hound barely misses the orc warrior.
Your crimson imp misses the orc warrior.
Evoke which item? (* to show all) (? for menu, Esc to quit)
Aiming: Enslavement
Press: ? - help, Shift-Dir - straight line, f/p - orc warrior
Aim: an orc warrior, wielding a short sword and wearing a chain mail (lightly wounded, chance to defeat MR: 46%)
The orc warrior resists with some effort.
The orc warrior hits you with a short sword!
* * * LOW HITPOINT WARNING * * *
Your hound bites the orc warrior but does no damage.
Your crimson imp blinks!
As you read the scroll of teleportation, it crumbles to dust.
You feel strangely unstable.
Your hound bites the orc warrior but does no damage.
The orc warrior hits you with a short sword.
You die...

#................#
#................#
##.......>........#
#..........5......#
#.................#
#........[........#
#.........h.§....##
#..........o....##
#.(........@...##
#.............##
#..............##
#.........#.....#
#......###......##
#...#### #.#.....##
##### ##.##.....##
#..###.....# ####
####..#


You could see an orc warrior, a friendly hound and a friendly crimson imp.

Vanquished Creatures
  A scorpion (D:4)
  An orc wizard (D:5)
  2 orc priests (D:3)
  A gnoll (D:2)
  2 adders
  2 oozes (D:1)
  2 worms
  2 dart slugs
  5 leopard geckos
  7 orcs
  4 bats
  4 giant cockroaches
  3 goblins
  6 hobgoblins
  A quokka (D:5)
  2 ball pythons
  4 frilled lizards
  7 kobolds
  5 rats
61 creatures vanquished.

Vanquished Creatures (collateral kills)
  A hippogriff (D:5)
  Eustachio (D:5)
  The ghost of Flugkiller the Grave Robber, an amateur DENe (D:5)
  A sky beast (D:6)
  3 ogres (D:4)
  A centaur (D:6)
  A howler monkey (D:4)
  A bullfrog zombie (D:6)
  4 crimson imps
  2 orc wizards
  3 hounds
  2 worker ants
  A worker ant zombie (D:6)
  7 gnolls
  6 adders
  An ooze (D:4)
  2 adder skeletons (D:5)
  A dart slug (D:1)
  A leopard gecko (D:5)
  12 orcs
  3 bats (D:1)
  2 giant cockroaches
  3 goblins (D:1)
  A hobgoblin (D:3)
  2 jackals (D:6)
  4 kobolds
  A quokka (D:5)
  3 frilled lizards
  A leopard gecko skeleton (D:6)
  2 rats
74 creatures vanquished.

Vanquished Creatures (others)
  5 plants (D:6)
5 creatures vanquished.

Grand Total: 140 creatures vanquished

Notes
Turn   | Place    | Note
-------+----------+-------------------------------------------
     0 | D:1      | Laan the Mummy Summoner began the quest for the Orb.
     0 | D:1      | Reached XP level 1. HP: 13/13 MP: 4/4
   529 | D:1      | Reached XP level 2. HP: 13/19 MP: 1/5
   660 | D:1      | Learned a level 2 spell: Call Imp
  1294 | D:1      | Reached skill level 4 in Summonings
  1549 | D:1      | Reached XP level 3. HP: 24/24 MP: 7/7
  2653 | D:2      | Reached XP level 4. HP: 30/30 MP: 5/8
  2841 | D:2      | Reached skill level 5 in Summonings
  3360 | D:3      | Reached XP level 5. HP: 35/35 MP: 2/9
  4680 | D:4      | Noticed an ogre
  4834 | D:4      | Found Duipitz's Antique Weapon Boutique.
  4834 | D:4      | Found Nepoe's General Store.
  4859 | D:4      | Noticed an ogre
  5156 | D:4      | Reached skill level 6 in Summonings
  5158 | D:4      | Noticed an ogre
  5167 | D:4      | Killed an ogre
  5167 | D:4      | Reached XP level 6. HP: 41/41 MP: 1/10
  5493 | D:4      | Learned a level 3 spell: Call Canine Familiar
  5498 | D:4      | Learned a level 4 spell: Summon Lightning Spire
  5536 | D:4      | Found Rateumiq's Book Shoppe.
  5564 | D:4      | Found Laeh's General Store.
  5567 | D:4      | Bought a scroll of identify for 20 gold pieces
  5804 | D:4      | Found Uxzyrak's General Store.
  5818 | D:4      | Bought a scroll of remove curse for 30 gold pieces
  5818 | D:4      | Bought a scroll of teleportation for 30 gold pieces
  5910 | D:5      | Entered Level 5 of the Dungeon
  5912 | D:5      | Noticed Flugkiller's ghost (amateur DENe)
  5922 | D:4      | Reached skill level 1 in Air Magic
  6180 | D:4      | Reached XP level 7. HP: 46/46 MP: 2/12
  6662 | D:5      | Killed Flugkiller's ghost
  6843 | D:5      | Noticed Eustachio
  6884 | D:5      | Killed Eustachio
  7181 | D:5      | Noticed a hippogriff
  7215 | D:5      | Killed a hippogriff
  7506 | D:6      | Found a staircase to the Ecumenical Temple.
  7532 | D:6      | Found Aquimibo's Antique Weapon Shoppe.
  7798 | D:6      | Reached skill level 7 in Summonings
  7987 | D:6      | Found Pigutzi's Magic Scroll Emporium.
  8075 | D:5      | HP: 1/46 [orc warrior/short sword (12)]
  8076 | D:5      | Slain by an orc warrior

Vault maps used:
D:1:      lordsloth_arrival_two_stooges
D:2:      first_ration
D:4:      serial_shops, shop, shop, kennysheep_mini_moat, shop, shop
D:5:      uniq_eustachio
D:6:      temple_doors_e, serial_shops, nicolae_shop_overgrown_old_shop,
          nicolae_shop_stone, shop_scrolls, nicolae_shop_overgrown_old_shop,
          nicolae_shop_crystal, columned_hall_lemuel

Skill      XL: |  1  2  3  4  5  6  7 |
---------------+----------------------+-----
Summonings     | 4 5 6 7 |  7.0
Spellcasting   | 3 4 |  4.9
Air Magic      | 1 3 |  3.4
Dodging        | |  1.5
Stealth        | |  1.5

Action                   |  1- 3 |  4- 6 |  7- 9 || total
-------------------------+-------+-------+-------++-------
Melee: Dagger            |    94 |   170 |    33 ||   297
 Cast: Summon Small Mamm |    63 |       |       ||    63
       Call Imp          |     2 |    80 |    84 ||   166
       Call Canine Famil |       |     8 |    11 ||    19
Evoke: Wand              |       |       |     2 ||     2
  Use: Scroll            |       |     1 |     3 ||     4
 Stab: Distracted        |     1 |     1 |       ||     2
       Sleeping          |     2 |     3 |       ||     5
Armor: Robe              |     1 |       |       ||     1
       Leather armour    |    11 |    48 |    17 ||    76
Dodge: Dodged            |    88 |   121 |    58 ||   267

Table legend:
 A = Spawn XP
 B = Non-spawn XP
 C = Spawn XP percentage of total XP
 D = Spawn monster count
 E = Non-spawn monster count
 F = Spawn count percentage of total count
 G = Total turns spent on level
                    A         B        C        D         E        F      G
               +---------+---------+-------+---------+---------+-------+---------
         Total |       0 |    1421 |   0.0 |       0 |     135 |   0.0 |  8076
               +---------+---------+-------+---------+---------+-------+---------
           D:1 |       0 |      64 |   0.0 |       0 |      33 |   0.0 |  2116
           D:2 |       0 |      86 |   0.0 |       0 |      22 |   0.0 |  1051
           D:3 |       0 |     162 |   0.0 |       0 |      31 |   0.0 |  1844
           D:4 |       0 |     394 |   0.0 |       0 |      21 |   0.0 |  1103
           D:5 |       0 |     488 |   0.0 |       0 |      16 |   0.0 |  1390
           D:6 |       0 |     227 |   0.0 |       0 |      12 |   0.0 |   572
               +---------+---------+-------+---------+---------+-------+---------
